 Dungeon Crawl Stone Soup version 0.30-a0-918-g0ff054e9dc (webtiles) character file.

Game seed: 13887050316767313988

252 NotreDorf the Magician (level 5, -25/35 HPs)
             Began as a Mummy Summoner on Mar 20, 2023.
             Annihilated by an ogre
             ... wielding a +0 giant club
              (27 damage)
             ... on level 4 of the Dungeon.
             The game lasted 00:17:17 (2691 turns).

NotreDorf the Magician (Mummy Summoner)             Turns: 2691, Time: 00:17:17

Health: -25/35     AC:  4    Str: 11    XL:     5   Next: 89%
Magic:  4/13       EV: 11    Int: 20    God:
Gold:   192        SH:  4    Dex: 18    Spells: 2/15 levels left

rFire   x . .      SeeInvis .    j - +0 spear of Ucouget {flame, *Rage Int+3}
rCold   + . .      Faith    +    m - +0 buckler
rNeg    + + +      Spirit   .    a - +0 robe
rPois   ∞          Reflect  .    o - +0 helmet
rElec   .          Rampage  .    (no cloak)
rCorr   .                        (no gloves)
Will    .....                    l - +0 pair of boots
Stlth   ++                       i - amulet of the acrobat
HPRegen 0.25/turn                h - +6 ring of dexterity
MPRegen 0.13/turn                (no ring)

@: no status effects
A: cold resistance 1, negative energy resistance 3, torment resistance 2, heat
vulnerability 1, in touch with death 1, no potions, faith
a: no special abilities


You were on level 4 of the Dungeon.
You visited 1 branch of the dungeon, and saw 4 of its levels.

You collected 192 gold pieces.

Inventory:

Hand Weapons
 j - the +0 spear of Ucouget (weapon) {flame, *Rage Int+3}
   (You found it on level 3 of the Dungeon)

   Int:       It affects your intelligence (+3).
   *Rage:     It berserks you when you make melee attacks (+20% chance).
 n - a +2 dagger of protection
Armour
 a - a +0 robe (worn)
 l - a +0 pair of boots (worn)
 m - a +0 buckler (worn)
 o - a +0 helmet (worn)
Jewellery
 c - a ring of resist corrosion
 h - a +6 ring of dexterity (left hand)
 i - an amulet of the acrobat (around neck)
Scrolls
 b - a scroll of identify {unknown}
 d - 3 scrolls of magic mapping {unknown}
 e - a scroll of fog {unknown}
 f - 2 scrolls of noise {unknown}
 g - 3 scrolls of teleportation {unknown}
 k - a scroll of amnesia {unknown}


   Skills:
 - Level 1.5 Dodging
 - Level 1.5 Stealth
 + Level 0.3 Shields
 + Level 5.5 Spellcasting
 + Level 0.5 Hexes
 + Level 4.7 Summonings


You had 2 spell levels left.
You knew the following spells:

 Your Spells              Type           Power      Damage    Failure   Level
a - Summon Small Mammal   Summ           96%        N/A       2%          1
b - Call Imp              Summ           24%        N/A       3%          2
c - Call Canine Familiar  Summ           24%        N/A       6%          3
d - Summon Guardian Gole  Hex/Summ       16%        N/A       16%         3
e - Summon Lightning Spi  Summ/Air       15%        N/A       50%         4

Your spell library contained the following spells:

 Spells                   Type           Power      Damage    Failure   Level


Dungeon Overview and Level Annotations

Branches:
Dungeon (4/15)
 Temple: D:4-7

Altars:
Cheibriados
Dithmenos
Hepliaklqana
Ru
Xom


Innate Abilities, Weirdness & Mutations

You are immune to poison.
Your flesh is cold resistant. (rC+)
You are immune to negative energy. (rN+++)
You are immune to unholy pain and torment.
You are vulnerable to heat. (rF-)
You are in touch with the powers of death.
You do not drink.
You have a special connection with the divine. (Faith)


Message History

Confirm with . or Enter, or press ? or * to list all spells.
A beastly little devil appears in a puff of flame.
Your hound bites the ogre.
An endoplasm comes into view.
Casting: Call Imp (safe; 3% risk of failure)
Confirm with . or Enter, or press ? or * to list all spells.
Your hound bites the ogre.
The ogre hits your hound with a +0 giant club!!
Your hound dies!
Your hound's corpse disappears in a puff of smoke!
The adder misses your crimson imp.
A dart slug comes into view.
Casting: Summon Small Mammal (safe; 2% risk of failure)
Confirm with . or Enter, or press ? or * to list all spells.
The adder bites your quokka.
Your quokka is poisoned.
The adder poisons your quokka!
The endoplasm barely misses your quokka.
Your crimson imp barely misses the ogre.
Casting: Summon Small Mammal (safe; 2% risk of failure)
Confirm with . or Enter, or press ? or * to list all spells.
Your quokka dies!
Your quokka's corpse disappears in a puff of smoke!
Your crimson imp hits the ogre.
The endoplasm closely misses your crimson imp.
You completely miss the ogre.
The ogre is moderately wounded.
The adder bites you.
Your crimson imp hits the adder.
The ogre hits you with a +0 giant club!!
Ouch! That really hurt!
* * * LOW HITPOINT WARNING * * *
You barely miss the ogre.
The ogre is moderately wounded.
The adder barely misses you.
Your crimson imp misses the adder.
You completely miss the ogre.
The ogre is moderately wounded.
The adder misses you.
The ogre hits you with a +0 giant club!!
Ouch! That really hurt!
You die...

#......
.....
..... ...
... #.###
#hr.# #@#
#OSw.....
#.J5.....
+>.......
#........
#.#######
#)# #.#


You could see an ogre (ally target), an adder, a dart slug, an endoplasm, a
friendly hound (summoned), a friendly crimson imp (summoned) and a friendly
quokka (summoned).

Vanquished Creatures
  2 adders (D:2)
  2 dart slugs
  2 ball pythons
  An endoplasm (D:2)
  3 giant cockroaches
  2 goblins (D:2)
  4 hobgoblins
  3 jackals (D:1)
  A frilled lizard (D:1)
  A kobold (D:3)
  2 rats
23 creatures vanquished.

Vanquished Creatures (collateral kills)
  Pargi (D:3)
  Terence (D:3)
  A mummy (D:3)
  Robin (D:3)
  2 adders
  A worm (D:2)
  A dart slug (D:3)
  6 endoplasms
  13 goblins
  3 hobgoblins
  A kobold (D:3)
  3 quokkas
  2 ball pythons (D:1)
  2 bats (D:1)
  A frilled lizard (D:1)
  A rat (D:3)
40 creatures vanquished.

Vanquished Creatures (others)
  A goblin (D:3)
1 creature vanquished.

Grand Total: 64 creatures vanquished

Notes
Turn   | Place    | Note
-------+----------+-------------------------------------------
     0 | D:1      | NotreDorf the Mummy Summoner began the quest for the Orb.
     0 | D:1      | Reached XP level 1. HP: 13/13 MP: 4/4
    92 | D:1      | Reached skill level 3 in Spellcasting
   244 | D:1      | Reached XP level 2. HP: 19/19 MP: 1/6
   448 | D:1      | Learned a level 2 spell: Call Imp
   740 | D:1      | Gained mutation: You are in touch with the powers of death.
                  | [Mummy growth]
   740 | D:1      | Reached XP level 3. HP: 24/24 MP: 6/8
  1017 | D:1      | Learned a level 3 spell: Call Canine Familiar
  1280 | D:2      | Reached skill level 4 in Spellcasting
  1377 | D:2      | Reached XP level 4. HP: 13/30 MP: 5/10
  1585 | D:2      | Learned a level 3 spell: Summon Guardian Golem
  1768 | D:3      | Found a shadowy altar of Dithmenos.
  1797 | D:3      | Noticed Terence
  1813 | D:3      | Killed Terence
  1889 | D:3      | Identified the +0 spear of Ucouget {flame, *Rage Int+3}
  1937 | D:3      | Found a sacrificial altar of Ru.
  2022 | D:3      | Noticed Pargi
  2032 | D:3      | Killed Pargi
  2033 | D:3      | Reached skill level 5 in Spellcasting
  2033 | D:3      | Reached XP level 5. HP: 35/35 MP: 4/12
  2150 | D:3      | Found a snail-covered altar of Cheibriados.
  2323 | D:3      | Noticed Robin
  2343 | D:3      | Killed Robin
  2508 | D:3      | Found a hazy altar of Hepliaklqana.
  2509 | D:3      | Found a shimmering altar of Xom.
  2510 | D:3      | Noticed a spectral ugly thing
  2634 | D:3      | Found a faded altar of an unknown god.
  2645 | D:3      | Learned a level 4 spell: Summon Lightning Spire
  2683 | D:4      | Noticed an ogre
  2689 | D:4      | HP: 1/35 [ogre/+0 giant club (31)]
  2691 | D:4      | Annihilated by an ogre

Illustrated notes

Levels and vault maps discovered:
D:1:      lightli_arrival_quake, layout_loops_ring
D:2:      layout_basic, basic_altar, nicolae_underground_beach
D:3:      layout_loops_ring, regret_index_temple_of_mockery, slow_altar_1,
          old_standard_altar, amcnicky_altar_gilded,
          dreamdust_ecumenical_altar_hidden_monk_grotto, uniq_pargi, uniq_robin,
          uniq_terence
D:4:      minmay_chambers_of_twos, layout_basic

Skill      XL: |  1  2  3  4 |
---------------+-------------+-----
Spellcasting   | 3 4 5 |  5.5
Summonings     | 4 |  4.7
Dodging        | |  1.5
Stealth        | |  1.5
Shields        | |  0.3
Hexes          | |  0.5

Action                     |  1- 3 |  4- 6 || total
---------------------------+-------+-------++-------
  Melee: Unarmed           |    33 |       ||    33
         Punch             |     1 |       ||     1
         Dagger            |    69 |    15 ||    84
         Spear             |       |    21 ||    21
   Cast: Summon Small Mamm |    43 |    15 ||    58
         Call Imp          |     4 |     9 ||    13
         Call Canine Famil |       |     6 ||     6
   Stab: Distracted        |     5 |     1 ||     6
         Sleeping          |       |     1 ||     1
 Armour: Robe              |    23 |     3 ||    26
  Dodge: Dodged            |    98 |    22 ||   120
  Block: Buckler           |       |     6 ||     6

Table legend: (Time is in decaauts)
 A = Elapsed time spent in this place.
 B = Non-inter-level travel time spent in this place.
 C = Inter-level travel time spent in this place.
 D = Time resting spent in this place.
 E = Time spent auto-exploring this place.
 F = Levels seen in this place.
 G = Mean time per level.
                   A        B        C        D        E       F      G
               +--------+--------+--------+--------+--------+-----+--------+
         Total |   2692 |   2588 |    104 |      0 |   1904 |   4 |  673.0 |
       Dungeon |   2692 |   2588 |    104 |      0 |   1904 |   4 |  673.0 |
               +--------+--------+--------+--------+--------+-----+--------+

Top non-repeatable levels by time:
     D:3: 1054 daAuts
     D:1: 1034 daAuts
     D:2: 595 daAuts
     D:4: 8 daAuts
